 Dungeon Crawl Stone Soup version 0.27-a0-1228-gfd60fd639a (webtiles) character file.

Game seed: 1927334587688793763

1505 robertstho the Firebug (level 8, -1/58 (59) HPs)
             Began as a Gnoll Fire Elementalist on June 7, 2021.
             Was an Initiate of Sif Muna.
             Shot with an arrow by a centaur (14 damage)
             ... on level 5 of the Dungeon.
             The game lasted 00:11:49 (7233 turns).

robertstho the Firebug (Gnoll Fire Elementalist)    Turns: 7233, Time: 00:11:49

HP:   -1/58 (59)    AC:  6    Str:  8    XL:     8   Next: 82%
MP:   3/17          EV: 14    Int: 17    God:    Sif Muna [......]
Gold: 254           SH:  0    Dex: 12    Spells: 3/19 levels left

rFire    . . .     SeeInvis .   l - +0 dagger (drain)
rCold    . . .     Faith    .   (no shield)
rNeg     . . .     Spirit   .   a - +0 robe
rPois    .         Reflect  .   (no helmet)
rElec    .         Harm     .   (no cloak)
rCorr    .         Rampage  .   (no gloves)
Will     .....                  (no boots)
Stlth    +++.......             (no amulet)
HPRegen  0.19/turn              b - +4 ring of protection
MPRegen  0.15/turn              (no ring)

@: very slightly contaminated, lightly drained
A: fangs 1, strong nose, distributed training
a: Renounce Religion


You were on level 5 of the Dungeon.
You worshipped Sif Muna.
Sif Muna was noncommittal.
You visited 2 branches of the dungeon, and saw 7 of its levels.

You collected 254 gold pieces.

Inventory:

Hand Weapons
 d - a +0 short sword
 l - a +0 dagger of draining (weapon)
Armour
 a - a +0 robe (worn)
Jewellery
 b - a +4 ring of protection (left hand)
 q - an amulet of magic regeneration
 r - the amulet "Gujai" {Acrobat Harm rC+ Regen+}
   (You found it on level 4 of the Dungeon)

   [amulet of the acrobat]

   It increases your evasion while moving and waiting.
   It protects you from cold.
   It increases your rate of health regeneration.
   It increases damage dealt and taken.
 s - a ring of magical power
Wands
 h - a wand of charming (4)
Scrolls
 c - a scroll of enchant weapon
 f - 2 scrolls of amnesia
 i - a scroll of brand weapon {unknown}
 o - a scroll of teleportation
Potions
 e - 2 potions of cancellation
 g - a potion of attraction
 k - a potion of lignification
 m - 2 potions of berserk rage {unknown}
 n - 2 potions of mutation {unknown}
 p - a potion of might {unknown}
 t - a potion of invisibility {unknown}


   Skills:
 + Level 3.6 Fighting
 + Level 3.6 Short Blades
 + Level 3.6 Long Blades
 + Level 3.6 Axes
 + Level 3.6 Maces & Flails
 + Level 3.6 Polearms
 + Level 3.6 Staves
 + Level 3.6 Slings
 + Level 3.6 Bows
 + Level 3.6 Crossbows
 + Level 3.6 Throwing
 + Level 3.6 Armour
 + Level 5.9 Dodging
 + Level 5.6 Stealth
 + Level 3.6 Shields
 + Level 3.6 Unarmed Combat
 + Level 6.2 Spellcasting
 + Level 3.7 Conjurations
 + Level 2.9 Hexes
 + Level 2.9 Summonings
 + Level 2.9 Necromancy
 + Level 2.9 Translocations
 + Level 2.9 Transmutations
 + Level 6.2 Fire Magic
 + Level 2.9 Ice Magic
 + Level 2.9 Air Magic
 + Level 2.9 Earth Magic
 + Level 2.9 Poison Magic
 + Level 4.0 Invocations
 + Level 3.6 Evocations


You had 3 spell levels left.
You knew the following spells:

 Your Spells              Type           Power      Damage    Failure   Level
a - Foxfire               Conj/Fire      88%        2x1d8     1%          1
b - Conjure Flame         Conj/Fire      22%        6-21      4%          3
c - Sticky Flame          Conj/Fire      22%        2d4       16%         4
d - Fireball              Conj/Fire      11%        3d7       41%         5
e - Swiftness             Air            15%        N/A       11%         3

Your spell library contained the following spells:

 Spells                   Type           Power      Damage    Failure   Level
 Shock                    Conj/Air       64%        1d7       3%          1
 Static Discharge         Conj/Air       16%        N/A       4%          2
 Poisonous Vapours        Pois/Air       30%        N/A       5%          2
 Inner Flame              Hex/Fire       21%        N/A       5%          3
 Mephitic Cloud           Conj/Pois/Air  16%        N/A       10%         3
 Airstrike                Air            7%         N/A       36%         4
 Lightning Bolt           Conj/Air       8%         1d20      65%         5
 Freezing Cloud           Conj/Ice/Air   8%         6-21      99%         6


Dungeon Overview and Level Annotations

Branches:
Dungeon (6/15)             Temple (1/1) D:4

Altars:
Elyvilon
Sif Muna
Wu Jian
Xom

Annotations:
D:4 4 runed translucent doors


Innate Abilities, Weirdness & Mutations

You have very sharp teeth.
Your uncanny sense of smell can sniff out nearby items.
Your experience applies equally to all skills.


Message History

The ogre shouts!
The centaur shouts!
The centaur shoots an arrow.
The arrow barely misses you.
The centaur shoots an arrow.
The arrow barely misses you.
The centaur shoots an arrow.
The arrow hits you.
Casting: Sticky Flame (dangerous; 16% risk of failure)
Confirm with . or Enter, or press ? or * to list all spells.
The spell is quite dangerous to cast (41% risk of failure)!
Continue anyway?
Aiming: Fireball (quite dangerous; 41% risk of failure)
Press: ? - help, Shift-Dir - straight line, f - centaur
Aim: a centaur, wielding a +0 shortbow, wearing a +0 robe and quivering arrows You miscast Fireball.
You are very lightly contaminated with residual magic.
A wave of violent energy washes through your body!!
The centaur shoots an arrow.
The arrow hits you!
Casting: Fireball (quite dangerous; 41% risk of failure)
Confirm with . or Enter, or press ? or * to list all spells.
The spell is quite dangerous to cast (41% risk of failure)!
Continue anyway?
Aiming: Fireball (quite dangerous; 41% risk of failure)
Press: ? - help, Shift-Dir - straight line, f/p - centaur
Aim: a centaur, wielding a +0 shortbow, wearing a +0 robe and quivering arrows You miscast Fireball.
You feel uncomfortably hot!
* * * LOW HITPOINT WARNING * * *
The centaur shoots an arrow.
The arrow hits you!
* * * LOW HITPOINT WARNING * * *
You feel much better.
The centaur unwields a +0 shortbow.
The centaur wields a +0 quarterstaff.
The centaur barely misses you. x2
Casting: Fireball (quite dangerous; 41% risk of failure)
Confirm with . or Enter, or press ? or * to list all spells.
Aiming: Sticky Flame (dangerous; 16% risk of failure)
Press: ? - help, Shift-Dir - straight line, f/p - centaur
Aim: a centaur, wielding a +0 quarterstaff, wearing a +0 robe and quivering arrows (100% to hit)
You miscast Sticky Flame.
Nothing appears to happen.
The centaur closely misses you.
The centaur kicks you but does no damage.
The ogre hits you with a +0 giant club!
* * * LOW HITPOINT WARNING * * *
Unknown command.
The centaur unwields a +0 quarterstaff.
The centaur wields a +0 shortbow.
The centaur shoots an arrow.
The arrow hits you!
You die...

#### #########
#..###.<.##..##
..###...[)[...##
.####...[...#..##
####.......####.### #
#.....).## ##..##
###......## ##...##
##.....### #.....###
.#..#### #.@.....########
...## #...............
....### #Oc......#######
......## #.........##
#......### #..>.......#
###......### #..........##
.####......## ##..........#
..#####.....#####........##
...# ##......##..#...####


You could see an ogre and a centaur.

Vanquished Creatures
  A wyvern (D:4)
  An acid dragon (D:4)
  2 ice beasts
  A black bear (D:6)
  A necrophage (D:6)
  A centaur (D:6)
  3 ogres
  2 scorpions
  2 wights (D:6)
  3 hounds
  2 orc wizards
  A bullfrog skeleton (D:6)
  4 gnolls
  A howler monkey skeleton (D:6)
  4 adders
  2 ufetubi
  An adder skeleton (D:4)
  3 dart slugs
  11 orcs
  6 endoplasms
  16 goblins
  11 hobgoblins
  8 jackals
  3 quokkas
  5 ball pythons
  4 bats
  A frilled lizard (D:3)
  3 kobolds
  6 rats
109 creatures vanquished.

Vanquished Creatures (others)
  539 foxfires
539 creatures vanquished.

Grand Total: 648 creatures vanquished

Notes
Turn   | Place    | Note
-------+----------+-------------------------------------------
     0 | D:1      | robertstho the Gnoll Fire Elementalist began the quest for
                  | the Orb.
     0 | D:1      | Reached XP level 1. HP: 13/13 MP: 6/6
   279 | D:1      | Reached XP level 2. HP: 19/19 MP: 3/7
   442 | D:1      | Found a faded altar of an unknown god.
   812 | D:1      | Reached skill level 5 in Spellcasting
   812 | D:1      | Reached XP level 3. HP: 25/25 MP: 3/9
  1185 | D:2      | Learned a level 3 spell: Conjure Flame
  1775 | D:2      | Reached skill level 1 in Invocations
  1784 | D:2      | Reached skill level 1 in Fighting
  1784 | D:2      | Reached skill level 1 in Short Blades
  1784 | D:2      | Reached skill level 1 in Long Blades
  1784 | D:2      | Reached skill level 1 in Axes
  1784 | D:2      | Reached skill level 1 in Maces & Flails
  1784 | D:2      | Reached skill level 1 in Polearms
  1784 | D:2      | Reached skill level 1 in Staves
  1784 | D:2      | Reached skill level 1 in Slings
  1784 | D:2      | Reached skill level 1 in Bows
  1784 | D:2      | Reached skill level 1 in Crossbows
  1784 | D:2      | Reached skill level 1 in Throwing
  1784 | D:2      | Reached skill level 1 in Armour
  1784 | D:2      | Reached skill level 1 in Shields
  1784 | D:2      | Reached skill level 1 in Unarmed Combat
  1784 | D:2      | Reached skill level 1 in Evocations
  1784 | D:2      | Reached XP level 4. HP: 20/32 MP: 6/11
  2231 | D:2      | Reached skill level 1 in Hexes
  2231 | D:2      | Reached skill level 1 in Summonings
  2231 | D:2      | Reached skill level 1 in Necromancy
  2231 | D:2      | Reached skill level 1 in Translocations
  2231 | D:2      | Reached skill level 1 in Transmutations
  2231 | D:2      | Reached skill level 1 in Ice Magic
  2231 | D:2      | Reached skill level 1 in Air Magic
  2231 | D:2      | Reached skill level 1 in Earth Magic
  2231 | D:2      | Reached skill level 1 in Poison Magic
  2717 | D:3      | Noticed an ogre
  2724 | D:3      | Killed an ogre
  2725 | D:3      | Reached XP level 5. HP: 37/37 MP: 8/12
  3358 | D:3      | Noticed an ogre
  3405 | D:3      | Killed an ogre
  3406 | D:3      | Reached skill level 5 in Dodging
  3406 | D:3      | Reached XP level 6. HP: 44/44 MP: 3/14
  3837 | D:4      | Noticed an ice beast
  3846 | D:4      | Killed an ice beast
  4123 | D:4      | Found a staircase to the Ecumenical Temple.
  4149 | D:4      | Reached XP level 7. HP: 50/50 MP: 5/15
  4237 | Temple   | Entered the Ecumenical Temple
  4243 | Temple   | Became a worshipper of Sif Muna the Loreminder
  4291 | D:4      | Found a large runed translucent door.
  4291 | D:4      | Found a large runed translucent door.
  4325 | D:4      | Noticed a two-headed ogre
  4474 | D:4      | Found a large runed translucent door.
  4474 | D:4      | Found a large runed translucent door.
  5039 | D:3      | Learned a level 4 spell: Sticky Flame
  5045 | D:3      | Learned a level 5 spell: Fireball
  5049 | D:3      | Learned a level 3 spell: Swiftness
  5248 | D:4      | Identified the amulet "Gujai" {Acrobat Harm rC+ Regen+}
  5362 | D:4      | Reached skill level 5 in Stealth
  5426 | D:4      | Noticed a wyvern
  5431 | D:4      | Killed a wyvern
  5508 | D:5      | Entered Level 5 of the Dungeon
  5530 | D:5      | Reached XP level 8. HP: 50/57 MP: 0/16
  7233 | D:5      | Shot with an arrow by a centaur

Illustrated notes

Levels and vault maps discovered:
D:1:      minmay_arrival_jagged, layout_basic,
          hellmonk_ecumenical_altar_heavens_door
D:2:      kennysheep_the_goblin_king, layout_loops_cross
D:3:      layout_loops_corners, grunt_decor_one_mirror, minmay_ogre_servants
D:4:      layout_rooms, minmay_temple_entry_arrows,
          minmay_hollow_rounded_squares
D:5:      layout_cave_pods, hangedman_decor_clover_reticule,
          minmay_misc_feat_chi, uniq_grinder
D:6:      layout_basic, hangedman_decor_peaks_small
Temple:   nicolae_temple_the_god_donut

Skill      XL: |  1  2  3  4  5  6  7  8 |
---------------+-------------------------+-----
Conjurations   | 2 3 |  3.7
Spellcasting   | 5 6 |  6.2
Invocations    | 1 2 3 4 |  4.0
Fighting       | 1 2 3 |  3.6
Short Blades   | 1 2 3 |  3.6
Long Blades    | 1 2 3 |  3.6
Axes           | 1 2 3 |  3.6
Maces & Flails | 1 2 3 |  3.6
Polearms       | 1 2 3 |  3.6
Staves         | 1 2 3 |  3.6
Slings         | 1 2 3 |  3.6
Bows           | 1 2 3 |  3.6
Crossbows      | 1 2 3 |  3.6
Throwing       | 1 2 3 |  3.6
Armour         | 1 2 3 |  3.6
Shields        | 1 2 3 |  3.6
Unarmed Combat | 1 2 3 |  3.6
Evocations     | 1 2 3 |  3.6
Hexes          | 1 2 |  2.9
Summonings     | 1 2 |  2.9
Necromancy     | 1 2 |  2.9
Translocations | 1 2 |  2.9
Transmutations | 1 2 |  2.9
Ice Magic      | 1 2 |  2.9
Air Magic      | 1 2 |  2.9
Earth Magic    | 1 2 |  2.9
Poison Magic   | 1 2 |  2.9
Dodging        | 5 |  5.9
Stealth        | 5 |  5.6
Fire Magic     | 6 |  6.2

Action                   |  1- 3 |  4- 6 |  7- 9 || total
-------------------------+-------+-------+-------++-------
Melee: Short sword       |     2 |       |       ||     2
       Dagger            |       |       |    11 ||    11
       Punch             |       |       |     1 ||     1
       Bite              |       |       |     1 ||     1
 Cast: Foxfire           |    95 |   122 |   114 ||   331
       Sticky Flame      |       |       |     6 ||     6
       Fireball          |       |       |     1 ||     1
Evoke: Wand              |       |       |     4 ||     4
  Use: Scroll            |     1 |     5 |     2 ||     8
       Potion            |       |       |     2 ||     2
Armor: Robe              |     5 |     3 |    12 ||    20
Dodge: Dodged            |    10 |    13 |    33 ||    56

Table legend: (Time is in decaauts)
 A = Elapsed time spent in this place.
 B = Non-inter-level travel time spent in this place.
 C = Inter-level travel time spent in this place.
 D = Time resting spent in this place.
 E = Time spent auto-exploring this place.
 F = Levels seen in this place.
 G = Mean time per level.
                   A        B        C        D        E       F      G
               +--------+--------+--------+--------+--------+-----+--------+
         Total |   7230 |   7061 |    169 |    477 |   5673 |   7 | 1032.9 |
       Dungeon |   7217 |   7054 |    163 |    477 |   5673 |   6 | 1202.8 |
        Temple |     12 |      6 |      6 |      0 |      0 |   1 |   12.0 |
               +--------+--------+--------+--------+--------+-----+--------+

Top non-repeatable levels by time:
     D:3: 1718 daAuts
     D:4: 1312 daAuts
     D:2: 1288 daAuts
     D:6: 1251 daAuts
     D:1: 1174 daAuts
     D:5: 472 daAuts
  Temple: 12 daAuts
